Map: Magannatha LE

Players

Bez - Winner!

  • Race: Protoss Protoss
  • League: Diamond
  • Spawn Location: 11:00

LigerMaNN

  • Race: Zerg Zerg
  • League: Diamond
  • Spawn Location: 5:00

VOD

Have the link to the VOD?

Description

Time

  • Played on: June 4, 2025, 10:05 p.m.
  • Length: 6:18
Show
View Real Time Build Order
Export as new Build Order

Bez Protoss - Winner!

Build Orders: 1 Gate Expand, Mass Adepts 

Get SALT Encoding   

  12  0:02  Probe  
  14  0:14  Probe  
  14  0:18  Pylon  
  14  0:26  Probe  
  15  0:36  Probe  
  15  0:39  Gateway  
  16  0:44  Probe  
  16  0:48  Assimilator  
  17  0:52  Probe  
  18  1:04  Probe  
  19  1:16  Probe  
  20  1:29  Probe  
  20  1:31  Cybernetics Core  
  21  1:40  Nexus  
  21  1:46  Assimilator  
  21  1:58  Warp Gate, Pylon, Adept  
  23  2:11  Shield Battery  
  23  2:22  Pylon, Probe  
  24  2:32  Gateway  
  24  2:42  Twilight Council  
  24  2:47  Adept  
  26  2:54  Probe  
  26  2:55  Probe  
  28  2:58  Resonating Glaives  
  28  3:04  Gateway  
  28  3:15  Probe x2  
  30  3:27  Adept  
  30  3:29  Adept  
  34  3:38  Probe x2  
  36  3:45  Pylon  
  36  4:08  Probe x2  
  38  4:10  Adept x3  
  44  4:20  Gateway  
  44  4:41  Adept x3  
  44  5:02  Adept x3  
  48  5:07  Gateway, Probe  
  48  5:08  Probe  
  48  5:09  Gateway  
  48  5:12  Pylon  
  50  5:17  Pylon  
  50  5:20  Probe x2  
  52  5:23  Adept x2  
  52  5:24  Adept x2  
  54  5:42  Templar Archives  
  50  5:44  Probe  
  50  5:45  Probe  
  52  5:52  Adept x4  
  52  5:57  Probe  
  59  6:05  Assimilator, Stalker  
  59  6:07  Assimilator  
Show
View Real Time Build Order
Export as new Build Order

LigerMaNN Zerg 

Build Orders: Hatch First 

Get SALT Encoding   

  12  0:00  Drone  
  13  0:12  Overlord  
  13  0:16  Drone  
  14  0:31  Drone x2  
  16  0:37  Drone  
  17  0:50  Hatchery  
  17  0:53  Drone  
  17  0:56  Drone  
  18  1:07  Extractor  
  17  1:12  Spawning Pool  
  17  1:16  Drone  
  17  1:19  Drone  
  18  1:28  Drone  
  19  1:38  Overlord  
  19  2:02  Zergling x6  
  19  2:05  Queen x2  
  26  2:15  Metabolic Boost  
  26  2:17  Drone x2  
  28  2:38  Drone x2  
  28  2:39  Drone x2  
  28  2:44  Overlord  
  32  2:58  Hatchery  
  32  3:02  Overlord  
  32  3:03  Drone x2  
  33  3:14  Zergling x8  
  33  3:15  Zergling x2  
  33  3:17  Zergling x2  
  39  3:20  Zergling x2  
  39  3:23  Zergling x2  
  39  3:27  Pneumatized Carapace  
  41  3:47  Drone x6  
  46  3:59  Lair  
  46  4:01  Drone x3  
  49  4:05  Drone x3  
  49  4:06  Overlord  
  52  4:27  Drone x6  
  52  4:28  Drone  
  56  4:43  Drone x8  
  56  4:54  Zergling x2  
  56  4:55  Zergling x4  
  55  5:07  Roach Warren  
  55  5:08  Zergling x16  
  58  5:33  Zergling x12  
  60  5:39  Queen  
  60  5:40  Queen  
  58  5:44  Extractor  
  58  5:45  Drone x3, Extractor  
  58  5:47  Extractor  
  57  5:51  Evolution Chamber  
  57  5:53  Roach x4  
Tags
 
Add a new tag
Caveats
  • Supply blocks, unpowered buildings, or Contaminate may cause inaccurate times.
  • Supply counts are checked every 10 seconds.